Map: Ruins of Seras

Players

llllllllllll - Winner!

  • Race: Terran Terran
  • League: Gold

wabbajack

  • Race: Zerg Zerg
  • League: Gold

VOD

Have the link to the VOD?

Description

Time

  • Played on: July 22, 2015, 2:05 a.m.
  • Length: 14:36
Show
View Real Time Build Order
Export as new Build Order

llllllllllll Terran - Winner!

Build Orders:  

Get SALT Encoding   

  12  0:00  SCV  
  13  0:13  SCV  
  14  0:19  Supply Depot  
  14  0:25  SCV  
  15  0:41  SCV  
  16  0:53  SCV  
  17  0:57  Barracks  
  17  1:00  Barracks  
  17  1:05  SCV  
  18  1:17  SCV  
  19  1:42  Command Center  
  19  1:44  Supply Depot  
  19  1:45  Marine  
  20  1:47  Marine  
  21  2:00  Supply Depot  
  21  2:04  Orbital Command  
  21  2:06  Marine  
  22  2:11  Marine  
  23  2:24  Marine  
  23  2:29  Marine  
  25  2:34  Supply Depot  
  25  2:38  SCV  
  25  2:42  Marine  
  27  2:44  Refinery  
  27  2:46  Marine  
  27  2:48  Refinery  
  27  2:50  SCV  
  29  2:55  Orbital Command  
  29  2:59  Supply Depot  
  29  3:02  Marine  
  29  3:04  SCV  
  31  3:06  Marine  
  32  3:17  SCV  
  33  3:20  Marine  
  33  3:23  Supply Depot  
  33  3:24  Marine  
  35  3:30  SCV  
  35  3:31  SCV  
  37  3:38  Marine  
  38  3:42  SCV  
  39  3:58  Command Center  
  39  3:59  Barracks Tech Lab  
  37  4:20  Barracks Reactor  
  37  4:23  Barracks  
  37  4:25  Barracks, Marine  
  37  4:27  Engineering Bay  
  37  4:31  Engineering Bay  
  38  4:35  SCV x2  
  38  4:36  Factory  
  40  4:43  Marine  
  41  4:47  SCV x2  
  42  4:56  Supply Depot  
  42  4:59  SCV  
  43  5:00  Marine x2  
  43  5:01  Marine  
  38  5:08  SCV  
  38  5:09  Marine  
  38  5:11  SCV  
  38  5:13  SCV  
  41  5:17  Marine  
  41  5:20  Supply Depot, SCV  
  40  5:23  SCV  
  40  5:25  SCV  
  42  5:32  Factory Tech Lab, Barracks Reactor  
  42  5:33  SCV  
  44  5:35  SCV, Barracks Tech Lab  
  44  5:37  SCV  
  44  5:42  Supply Depot  
  44  5:45  SCV  
  44  5:47  SCV  
  46  5:51  SCV  
  47  5:57  SCV  
  47  5:59  SCV  
  47  6:04  SCV  
  50  6:07  Refinery  
  50  6:09  SCV  
  51  6:12  SCV, Marine x2  
  51  6:14  Marine, Marauder x2  
  51  6:16  SCV  
  60  6:21  SCV  
  61  6:28  Supply Depot  
  61  6:35  Refinery  
  61  6:37  Siege Tank, Marine x2  
  66  6:51  Supply Depot  
  56  7:02  Marine x3  
  56  7:03  SCV x2  
  56  7:04  Marine x2  
  56  7:05  Marauder  
  66  7:15  SCV x2  
  67  7:19  Marine  
  67  7:20  Marine x2  
  70  7:27  SCV x2  
  72  7:31  Missile Turret  
  72  7:36  Marine  
  72  7:37  Marine  
  73  7:38  Siege Tank, Marine  
  73  7:40  SCV x2  
  73  7:42  Planetary Fortress  
  80  7:52  SCV x2, Missile Turret x2  
  80  7:56  Terran Infantry Weapons Level 1  
  82  7:59  Terran Infantry Armor Level 1  
  82  8:04  SCV x2  
  82  8:05  Marine x2  
  85  8:09  Supply Depot  
  86  8:14  Missile Turret x2  
  86  8:16  SCV x2  
  86  8:19  Missile Turret  
  88  8:24  SCV  
  88  8:26  Refinery  
  89  8:28  SCV x2, Siege Tank, Marine x2  
  89  8:33  Supply Depot  
  96  8:35  Starport  
  96  8:36  Supply Depot, SCV  
  96  8:40  SCV, Missile Turret  
  96  8:41  SCV  
  99  8:43  Factory  
  99  8:46  Marine x2  
  99  8:48  SCV, Marine x3  
  104  8:50  Refinery  
  104  8:55  Command Center  
  105  8:58  Marine  
  105  9:00  Siege Tank  
  105  9:02  Missile Turret  
  109  9:04  Marine x2  
  109  9:05  Marine  
  109  9:06  Marauder  
  109  9:09  Missile Turret, Marine  
  116  9:10  SCV  
  116  9:12  Supply Depot  
  116  9:14  Starport Reactor  
  116  9:16  Marine  
  117  9:22  Marine x2  
  119  9:26  Marine  
  119  9:27  Marine  
  119  9:29  Factory Tech Lab  
  121  9:32  Siege Tank, Barracks  
  121  9:35  Marine  
  121  9:36  Marine  
  121  9:37  Supply Depot  
  126  9:39  Marine  
  126  9:40  Marine  
  126  9:41  SCV x2  
  130  9:50  Siege Tank, Marine  
  130  9:52  Medivac  
  136  9:54  Marine, Medivac  
  139  10:01  Armory  
  139  10:04  Marine x2  
  139  10:05  Marine  
  143  10:08  Combat Shields  
  143  10:09  Stimpack  
  143  10:10  SCV  
  143  10:13  Marine x2  
  145  10:14  Refinery, Marine  
  145  10:20  Barracks  
  146  10:21  Barracks  
  146  10:22  Marine  
  146  10:27  Medivac, Siege Tank, Marine  
  153  10:29  Marine  
  154  10:37  Supply Depot  
  154  10:38  Siege Tank, Marine  
  154  10:39  Medivac  
  154  10:40  Refinery  
  160  10:50  Barracks Reactor  
  160  10:59  Supply Depot, Marine  
  160  11:00  Marine x5  
  160  11:03  Siege Tank  
  169  11:07  Marine  
  169  11:10  Barracks  
  172  11:11  Planetary Fortress  
  172  11:17  Missile Turret, Marine x2  
  172  11:18  Marine x4  
  174  11:22  Supply Depot  
  178  11:27  Terran Infantry Weapons Level 2  
  178  11:28  Terran Infantry Armor Level 2  
  177  11:35  Marine x2  
  177  11:36  Marine x3  
  177  11:39  Missile Turret  
  172  11:48  Raven  
  172  11:49  Marine x3  
  172  11:53  Barracks Reactor, Marine x2  
  172  11:54  Marine x4  
  180  11:57  SCV x2  
  185  12:06  Marine  
  185  12:07  Marine x3  
  189  12:09  Terran Vehicle Weapons Level 1  
  189  12:11  Marine x4  
  189  12:14  Command Center  
  189  12:15  Siege Tank, Marine x2  
  198  12:24  Marine x2  
  198  12:27  Barracks Reactor  
  198  12:28  Barracks Reactor  
  200  12:41  Barracks  
  200  13:10  Marine  
  184  13:17  Marine  
  184  13:18  Marine x2  
  138  13:22  Marine  
  138  13:23  Marine x5  
  138  13:24  Siege Tank x2, Marine  
  139  13:28  Refinery  
  139  13:30  Marine x2  
  139  13:31  Marine  
  141  13:35  Marine  
  141  13:36  Marine x2  
  141  13:37  Raven  
  141  13:40  Marine  
  141  13:41  Marine x2  
  147  13:42  Marine x2  
  147  13:51  Marine  
  147  13:52  Marine  
  147  13:53  Marine  
  147  13:54  Refinery, Marine  
  150  13:56  Siege Tank x2  
  150  13:58  Planetary Fortress  
  156  14:03  Missile Turret  
  156  14:08  Marine x3  
  156  14:09  Marine x2  
Show
View Real Time Build Order
Export as new Build Order

wabbajack Zerg 

Build Orders: Hatch First, Lurkers, Zergling Baneling 

Get SALT Encoding   

  12  0:01  Drone  
  13  0:13  Overlord  
  13  0:20  Drone  
  14  0:24  Drone, Extractor  
  15  0:33  Drone  
  16  0:37  Drone  
  17  0:57  Hatchery  
  16  1:01  Drone x2  
  18  1:05  Extractor  
  18  1:07  Drone  
  18  1:19  Drone  
  19  1:26  Spawning Pool  
  18  1:34  Drone  
  19  1:51  Extractor  
  19  1:53  Drone x2  
  20  2:13  Pneumatized Carapace  
  20  2:18  Queen  
  22  2:24  Zergling x2  
  22  2:25  Zergling x4  
  22  2:29  Zergling x2  
  26  2:30  Spine Crawler  
  26  2:32  Zergling x2  
  26  2:38  Overlord  
  26  2:40  Overlord  
  26  2:44  Baneling Nest  
  25  2:54  Zergling x2  
  26  3:03  Queen  
  28  3:10  Drone x3  
  31  3:21  Drone  
  31  3:22  Drone x2  
  34  3:30  Baneling  
  34  3:31  Baneling  
  34  3:41  Baneling  
  34  3:52  Baneling x2  
  34  3:53  Baneling  
  34  3:54  Baneling  
  34  4:03  Baneling  
  34  4:10  Zergling x2  
  34  4:11  Zergling x2  
  34  4:13  Overlord x2  
  31  4:21  Zergling x8  
  31  4:22  Spine Crawler x2  
  33  4:30  Baneling  
  32  4:31  Baneling  
  28  5:42  Metabolic Boost  
  28  5:46  Overlord  
  28  5:47  Hatchery  
  28  5:49  Zergling x10  
  32  6:07  Drone  
  32  6:09  Lair  
  33  6:14  Evolution Chamber, Drone x3  
  33  6:15  Roach Warren  
  35  6:25  Zergling x2  
  35  6:26  Zergling x4  
  33  7:05  Overlord x6  
  27  7:40  Drone x6  
  27  7:41  Drone x4  
  36  7:50  Extractor  
  36  7:51  Centrifical Hooks  
  35  7:55  Glial Reconstitution  
  35  7:57  Hydralisk Den  
  34  8:04  Zerg Ground Armor Level 1  
  34  8:16  Drone x3  
  34  8:18  Drone x2  
  34  8:19  Extractor  
  38  8:20  Drone  
  38  8:22  Drone  
  40  8:29  Queen  
  42  8:59  Drone x2  
  42  9:00  Drone x4  
  48  9:05  Lurker Den  
  48  9:06  Spine Crawler  
  48  9:07  Spore Crawler  
  46  9:11  Spore Crawler x2, Spine Crawler  
  46  9:14  Drone x3  
  46  9:34  Drone  
  47  9:38  Hydralisk  
  47  9:39  Hydralisk x3  
  55  9:55  Hatchery  
  55  9:59  Zerg Missile Weapons Level 1  
  54  10:05  Evolution Chamber  
  53  10:09  Tunneling Claws  
  53  10:13  Burrow  
  53  10:25  Infestation Pit  
  52  10:45  Lurker x4  
  52  10:48  Zerg Ground Armor Level 2, Muscular Augments  
  56  11:00  Baneling x3  
  56  11:01  Baneling x2  
  56  11:33  Roach x4  
  56  11:34  Roach x10  
  84  11:44  Queen  
  84  11:45  Drone x2  
  84  11:46  Drone  
  89  11:48  Drone  
  90  11:58  Overlord  
  90  11:59  Overlord  
  90  12:02  Overlord  
  90  12:08  Zerg Missile Weapons Level 2  
  90  12:16  Hive  
  90  12:20  Drone x2  
  90  12:22  Drone  
  93  12:24  Drone  
  93  12:26  Drone  
  93  12:28  Drone  
  96  12:36  Drone x4  
  100  12:37  Drone  
  101  12:44  Drone  
  101  12:46  Drone  
  101  12:47  Drone  
  101  12:49  Overlord  
  101  12:50  Overlord  
  104  13:00  Overlord x2  
  104  13:05  Extractor x2  
  67  13:22  Zergling x26  
  67  13:23  Zergling x4  
  62  13:41  Baneling  
  62  13:42  Baneling x9  
  62  13:48  Roach  
  55  13:49  Roach x3  
  61  13:57  Queen  
  63  14:03  Hydralisk  
Tags
 
Add a new tag
Caveats
  • Supply blocks, unpowered buildings, or Contaminate may cause inaccurate times.
  • Supply counts are checked every 10 seconds.